 Dungeon Crawl Stone Soup version 0.23.2-40-g277498a001 (webtiles) character file.

Game seed: 10338513496001713738

358 H0rd4k the Charlatan (level 6, -1/44 HPs)
             Began as a Human Artificer on Sept 5, 2019.
             Killed from afar by Natasha (7 damage)
             ... with a wand of flame (15)
             ... on level 2 of the Dungeon.
             The game lasted 00:04:02 (2450 turns).

H0rd4k the Charlatan (Human Artificer)              Turns: 2450, Time: 00:04:03

Health: -1/44      AC:  3    Str: 15    XL:     6   Next: 97%
Magic:  8/8        EV: 18    Int: 11    God:
Gold:   37         SH:  0    Dex: 18    Spells: 5/5 levels left

rFire    . . .     SeeInvis .   o - -1 rapier (curse)
rCold    . . .     Gourm    .   (no shield)
rNeg     . . .     Faith    .   b - +0 leather armour
rPois    .         Spirit   .   (no helmet)
rElec    .         Reflect  .   (no cloak)
rCorr    .         Harm     .   (no gloves)
MR       .....                  (no boots)
Stlth    +++.......             (no amulet)
HPRegen  0.14/turn              (no ring)
MPRegen  0.11/turn              (no ring)

@: agile
A: no striking features
a: no special abilities


You were on level 2 of the Dungeon.
You were not hungry.

You visited 1 branch of the dungeon, and saw 3 of its levels.

You collected 37 gold pieces.

Inventory:

Hand Weapons
 a - a +0 short sword
 g - a +0 short sword of draining
 o - a cursed -1 rapier (weapon)
Missiles
 i - 6 javelins (quivered)
 k - 7 needles of confusion
 m - 7 poisoned needles
Armour
 b - a +0 leather armour (worn)
Jewellery
 l - a cursed ring of teleportation {unknown}
Wands
 c - a wand of flame (10)
 d - a wand of enslavement (10)
 e - a wand of random effects (8)
Scrolls
 j - a scroll of amnesia
 n - a scroll of blinking {unknown}
 p - a scroll of identify {unknown}
Potions
 h - 2 potions of agility
 q - a potion of magic {unknown}
 r - a potion of invisibility {unknown}
Comestibles
 f - 5 rations
 s - a chunk of flesh


   Skills:
 + Level 2.0 Fighting
 + Level 3.6 Short Blades
 + Level 2.4 Armour
 + Level 3.2 Dodging
 + Level 2.7 Stealth
 + Level 3.6 Evocations


You had 5 spell levels left.
You didn't know any spells.
Your spell library was empty.

Dungeon Overview and Level Annotations

Branches:
Dungeon (3/15)

Altars:

Annotations:
D:2 Natasha
D:3 Sigmund


Message History

The shadow imp barely misses you.
You miss something.
You hear some strange, mumbled words.
The shadow imp hits you.
You closely miss something. Something claws you.
* * * LOW HITPOINT WARNING * * *
The shadow imp closely misses you.
The crimson imp blinks!
You closely miss something.
You hear a zap.
A puff of flame appears from out of thin air!
The puff of flame hits you.
* * * LOW HITPOINT WARNING * * *
The crimson imp blinks!
The shadow imp hits you.
* * * LOW HITPOINT WARNING * * *
It was a potion of agility.
You feel agile all of a sudden.
You hear a zap.
A puff of flame appears from out of thin air!
The puff of flame hits you!
You die...

....# ###########.#........
....# #...........#........
....# #..................##
.#### #.............(....#
.############..................#
.........#...........###....)..#
.........#...........# ##.###...
.........#...??..5...# #..##.##
.........#......@.5..# #.#
.........#.......{...... .
.........########.......
.........# #..5..... .........#
#........ .........# .......
.....##### ....... .....#
....... .....#


You could see 2 crimson imps and a shadow imp.

Vanquished Creatures
  Grinder (D:3)
  Natasha (D:2)
  A gnoll (D:2)
  3 adders
  2 worms
  A dart slug (D:1)
  A leopard gecko (D:2)
  9 orcs (D:3)
  2 ball pythons
  9 bats
  3 giant cockroaches (D:3)
  7 hobgoblins
  10 jackals
  4 kobolds (D:1)
  3 frilled lizards
  8 goblins
  11 rats
76 creatures vanquished.

Vanquished Creatures (collateral kills)
  A worm (D:2)
1 creature vanquished.

Vanquished Creatures (others)
  2 gnolls (D:2)
2 creatures vanquished.

Grand Total: 79 creatures vanquished

Notes
Turn   | Place    | Note
-------+----------+-------------------------------------------
     0 | D:1      | H0rd4k the Human Artificer began the quest for the Orb.
     0 | D:1      | Reached XP level 1. HP: 15/15 MP: 3/3
    80 | D:1      | Reached XP level 2. HP: 18/21 MP: 4/4
   162 | D:1      | Reached XP level 3. HP: 17/26 MP: 5/5
   719 | D:2      | Reached skill level 1 in Armour
   721 | D:2      | Reached XP level 4. HP: 24/32 MP: 6/6
  1613 | D:3      | Reached XP level 5. HP: 37/37 MP: 7/7
  1725 | D:3      | Noticed Grinder
  1741 | D:3      | Killed Grinder
  1741 | D:3      | Reached XP level 6. HP: 44/44 MP: 8/8
  1870 | D:3      | Noticed Sigmund
  1889 | D:2      | Noticed Natasha
  1891 | D:2      | Killed Natasha
  2433 | D:2      | Noticed Natasha
  2450 | D:2      | Killed from afar by Natasha

Skill      XL: |  1  2  3  4  5  6 |
---------------+-------------------+-----
Short Blades   | 2 3 |  3.6
Armour         | 1 2 |  2.4
Dodging        | 3 |  3.2
Stealth        | 2 |  2.7
Fighting       | 2 |  2.0
Evocations     | |  3.6

Action                   |  1- 3 |  4- 6 || total
-------------------------+-------+-------++-------
Melee: Short sword       |   112 |     6 ||   118
       Rapier            |       |   158 ||   158
Evoke: Wand              |     1 |    16 ||    17
  Use: Scroll            |       |     3 ||     3
       Potion            |       |     1 ||     1
 Stab: Sleeping          |     2 |     3 ||     5
       Paralysed         |       |     8 ||     8
  Eat: Chunk             |       |     5 ||     5
Armor: Leather armour    |    43 |    45 ||    88
Dodge: Dodged            |    96 |   129 ||   225
